 Dungeon Crawl Stone Soup version 0.24-a0-201-gf205589 (webtiles) character file.

Game seed: 15307729394508546337

3745 Borgoz the Cutter (level 10, -5/59 HPs)
             Began as a Gargoyle Gladiator on Mar 25, 2019.
             Killed from afar by a steam dragon (23 damage)
             ... with a ball of steam
             ... on level 7 of the Dungeon.
             The game lasted 00:12:19 (5060 turns).

Borgoz the Cutter (Gargoyle Gladiator)              Turns: 5060, Time: 00:12:20

Health: -5/59      AC: 16    Str: 18    XL:     10   Next: 15%
Magic:  15/15      EV: 15    Int: 10    God:
Gold:   401        SH:  0    Dex: 16    Spells: 16/16 levels left

rFire    . . .     SeeInvis .   a - +3 short sword (elec)
rCold    . . .     Gourm    .   (no shield)
rNeg     + . .     Faith    .   C - +3 leather armour {MR+}
rPois    ∞         Spirit   .   c - +1 helmet
rElec    +         Reflect  .   (no cloak)
rCorr    .         Harm     .   (no gloves)
MR       +....                  (no boots)
Stlth    ++........             (no amulet)
HPRegen  0.19/turn              i - +3 ring of dexterity
MPRegen  0.14/turn              s - ring of attention (curse)

@: no status effects
A: negative energy resistance 1, electricity resistance, unbreathing,
petrification resistance, rot immunity, AC +7
a: no special abilities


You were on level 7 of the Dungeon.
You were not hungry.

You visited 1 branch of the dungeon, and saw 7 of its levels.
You also visited: Sewer.

You collected 434 gold pieces.
You spent 33 gold pieces at shops.

Inventory:

Hand Weapons
 a - a +3 short sword of electrocution (weapon)
 b - a +0 blowgun
 e - a +2 dagger of electrocution
 m - the +9 falchion of Ambiguity {speed, +Blink +Inv rC+ Str+4, unknown}
   (You found it on level 4 of the Dungeon)

   Attacks with this weapon are significantly faster.
   It affects your strength (+4).
   It protects you from cold.
   It lets you turn invisible.
   It lets you blink.
 z - a +2 dagger of venom
 A - a +0 rapier
 H - a +0 rapier
Missiles
 d - 5 throwing nets (quivered)
 n - 8 javelins
 p - 6 tomahawks
 B - 55 poisoned needles
Armour
 c - a +1 helmet (worn)
 C - a +3 leather armour of magic resistance (worn)
 I - a +4 scale mail
 K - the +4 leather armour "Yliecs" {rElec Regen+ SInv, unknown}
   (You found it on level 7 of the Dungeon)

   It insulates you from electricity.
   It lets you see invisible.
   It increases your rate of regeneration.
Jewellery
 i - a +3 ring of dexterity (left hand)
 j - a +2 ring of evasion
 s - a cursed ring of attention (right hand)
Wands
 g - a wand of paralysis (9)
 x - a wand of clouds (5)
 J - a wand of iceblast (10)
Scrolls
 h - 5 scrolls of fear
 t - 2 scrolls of fog
 v - 3 scrolls of teleportation
 y - 5 scrolls of remove curse
 F - a scroll of amnesia
Potions
 k - a potion of berserk rage
 l - 3 potions of agility {unknown}
 o - 3 potions of flight {unknown}
 q - 3 potions of might
 r - 7 potions of curing
 u - a potion of brilliance {unknown}
 w - 2 potions of haste
 E - a potion of heal wounds {unknown}
 G - 2 potions of lignification
Comestibles
 f - 7 rations
 D - 4 chunks of flesh


   Skills:
 + Level 5.3 Fighting
 * Level 6.6 Short Blades
 + Level 4.4 Throwing
 + Level 4.7 Armour
 * Level 5.9 Dodging
 + Level 5.4 Stealth
 + Level 3.9 Spellcasting
 + Level 3.1 Evocations


You had 16 spell levels left.
You didn't know any spells.
Your spell library contained the following spells:

 Spells                   Type           Power        Failure   Level  Hunger
 Magic Dart               Conj           #...         30%         1    #......
 Blink                    Tloc           N/A          43%         2    ###....
 Call Imp                 Summ           #.......     43%         2    ###....
 Slow                     Hex            #.......     43%         2    ###....
 Conjure Flame            Conj/Fire      #.......     67%         3    ###....
 Mephitic Cloud           Conj/Pois/Air  #.......     67%         3    ###....


Dungeon Overview and Level Annotations

Branches:
Dungeon (7/15)
 Temple: D:4-7

Altars:
Dithmenos
Fedhas
Kikubaaqudgha

Shops:
D:4 !?[[


Innate Abilities, Weirdness & Mutations

You are resistant to torment.
Your stone body is resilient. (AC +7)
You are immune to poison.
You resist negative energy. (rN+)
You are resistant to electric shocks. (rElec)
You can survive without breathing.
You are immune to petrification.
You are immune to rotting.


Message History

The orc wizard looks satisfied for a moment.
The hound completely misses you. The steam dragon barely misses you.
The steam dragon closely misses you. The orc misses you.
The orc is engulfed in a cloud of scalding steam.
The hound barely misses you.
The orc wizard begins to cast a cantrip, but forgets the words!
The orc hits you but does no damage.
The hound bites you but does no damage. x2
The orc priest mumbles some strange prayers to Beogh against you.
Beogh smites you! The steam dragon breathes steam at you.
The ball of steam misses you.
An orc comes into view. It is wielding a +0 flail.
The orc wizard is engulfed in a cloud of scalding steam.
The orc is engulfed in a cloud of scalding steam.
The orc dies!
There is a stone staircase leading up here.
The steam dragon breathes steam at you. The ball of steam hits you!!
You die...

.'.......# ####
#o......#
#...##.o.....#
#!...........#
#......z....##
+...####oo♣o.##
#...##.÷h§Do..#
#.......♣§.§..#
#..........@..#
#...##..♣§§...#
######..§§....#
+.....♣..##
##......##
##...####
#....)# ##....#
#....#


You could see a steam dragon, a hound, a wight, an orc priest, an orc wizard and
4 orcs.

Vanquished Creatures
  Harold (D:7)
  Pikel (D:4)
  Grinder (D:6)
  Eustachio (D:4)
  Menkaure (D:4)
  A water moccasin (D:6)
  2 slaves (D:4)
  2 sky beasts (D:6)
  A black bear (D:6)
  2 ice beasts
  A phantom (D:6)
  2 ogres
  A centaur (D:5)
  2 big kobolds (Sewer)
  3 bullfrogs
  A scorpion (D:7)
  A howler monkey (D:7)
  3 crimson imps
  A bullfrog zombie (D:5)
  2 hounds
  A gnoll shaman (D:5)
  2 bullfrog skeletons
  2 iguanas
  3 orc wizards
  5 worker ants
  8 adders
  9 gnolls
  6 river rats (Sewer)
  4 oozes
  6 worms
  2 dart slugs (D:2)
  6 leopard geckos
  12 orcs
  4 bats
  3 giant cockroaches
  2 goblins
  8 hobgoblins
  2 jackals (D:6)
  3 quokkas
  6 ball pythons
  4 frilled lizards
  22 kobolds
  22 rats
172 creatures vanquished.

Vanquished Creatures (others)
  A slave (D:4)
  A human (D:6)
  An iguana (D:4)
  A worker ant (D:4)
  A river rat (D:4)
  An orc (D:7)
  A bat (D:4)
7 creatures vanquished.

Grand Total: 179 creatures vanquished

Notes
Turn   | Place    | Note
-------+----------+-------------------------------------------
     0 | D:1      | Borgoz the Gargoyle Gladiator began the quest for the Orb.
     0 | D:1      | Reached XP level 1. HP: 12/12 MP: 1/1
   256 | D:1      | Reached XP level 2. HP: 12/17 MP: 2/2
   905 | D:2      | Reached skill level 3 in Short Blades
   905 | D:2      | Reached XP level 3. HP: 22/22 MP: 3/3
  1030 | D:2      | Reached skill level 1 in Armour
  1604 | D:3      | Reached XP level 4. HP: 26/27 MP: 5/5
  1802 | D:3      | Found a shadowy altar of Dithmenos.
  1830 | D:3      | Reached skill level 1 in Stealth
  1840 | D:3      | Noticed a bullfrog
  1847 | D:3      | Killed a bullfrog
  1847 | D:3      | Reached skill level 1 in Spellcasting
  1847 | D:3      | Reached XP level 5. HP: 24/32 MP: 6/6
  2110 | D:4      | Found Noesu's Antique Armour Boutique.
  2113 | D:4      | Noticed a slave
  2113 | D:4      | Noticed a slave
  2115 | D:4      | Noticed Pikel
  2116 | D:4      | Noticed a slave
  2117 | D:4      | Noticed a slave
  2121 | D:4      | Paralysed by Pikel for 3 turns
  2127 | D:4      | Killed a slave
  2130 | D:4      | Killed a slave
  2137 | D:4      | Killed Pikel
  2137 | D:4      | Reached skill level 4 in Short Blades
  2137 | D:4      | Reached XP level 6. HP: 14/37 MP: 6/9
  2137 | D:4      | Reached XP level 7. HP: 16/41 MP: 6/10
  2156 | D:4      | Found a glowing drain.
  2193 | Sewer    | Entered a sewer
  2665 | Sewer    | Reached XP level 8. HP: 48/48 MP: 11/11
  2865 | D:4      | Found Picosuip's Armour Shop.
  2882 | D:4      | Got a smoking falchion
  2949 | D:4      | Found Sita's Distillery.
  2953 | D:4      | Noticed Eustachio
  2967 | D:4      | Killed Eustachio
  2967 | D:4      | Reached skill level 1 in Evocations
  3046 | D:4      | Found a blossoming altar of Fedhas.
  3118 | D:4      | Found Mieky's Magic Scroll Boutique.
  3124 | D:4      | Bought a scroll of teleportation for 33 gold pieces
  3203 | D:4      | Noticed Menkaure
  3211 | D:4      | Killed Menkaure
  3211 | D:4      | Reached skill level 5 in Short Blades
  3387 | D:5      | Entered Level 5 of the Dungeon
  4047 | D:5      | Reached XP level 9. HP: 48/52 MP: 13/13
  4140 | D:6      | Noticed Grinder
  4184 | D:6      | Killed Grinder
  4184 | D:6      | Reached skill level 5 in Dodging
  4307 | D:6      | Found an ancient bone altar of Kikubaaqudgha.
  4532 | D:6      | Reached skill level 6 in Short Blades
  4794 | D:6      | Reached skill level 5 in Fighting
  4980 | D:7      | Noticed Harold
  4998 | D:7      | Killed Harold
  4998 | D:7      | Reached skill level 5 in Stealth
  4998 | D:7      | Reached XP level 10. HP: 59/59 MP: 15/15
  5010 | D:7      | Got an encrusted leather armour
  5060 | D:7      | Killed from afar by a steam dragon

Levels and vault maps discovered:
D:1:      dpeg_arrival_rooms_c, layout_loops_ring
D:2:      layout_loops_ring, nrook_loot_triangle, roderic_roman_lattice,
          grunt_ministairs_10, kennysheep_nub
D:3:      layout_basic, overflow_temple_1_default
D:4:      layout_rooms, serial_shops, nicolae_shop_stone,
          nicolae_shop_statue_plus, shop_coins, nicolae_shop_overgrown_old_shop,
          first_ration, cheibrodos_sewer_entry_sluice, fedhas_altar_1,
          uniq_pikel, uniq_eustachio, uniq_menkaure
D:5:      layout_loops_ring, kennysheep_decorative_pillar
D:6:      layout_cave_pools, tgw_kikubaaqudgha, uniq_grinder
D:7:      layout_gridville, temple_green, enter_bailey_1, grunt_ministairs_9,
          minmay_between, uniq_harold
Sewer:    sewer_minmay_treatment

Skill      XL: |  1  2  3  4  5  6  7  8  9 |
---------------+----------------------------+-----
Short Blades   | 3 4 5 6 |  6.6
Throwing       | 2 3 4 |  4.4
Armour         | 1 2 3 4 |  4.7
Stealth        | 1 2 3 4 5 |  5.4
Dodging        | 3 4 5 |  5.9
Spellcasting   | 1 2 3 |  3.9
Fighting       | 3 4 5 |  5.3
Evocations     | 2 3 |  3.1

Action                   |  1- 3 |  4- 6 |  7- 9 | 10-12 || total
-------------------------+-------+-------+-------+-------++-------
Melee: Dagger            |    81 |    68 |       |       ||   149
       Rapier            |     1 |       |       |       ||     1
       Short sword       |       |    31 |   409 |    27 ||   467
Throw: Throwing net      |       |       |     1 |       ||     1
  Use: Scroll            |       |    10 |     5 |       ||    15
       Potion            |       |     1 |       |       ||     1
 Stab: Sleeping          |       |     1 |     1 |       ||     2
  Eat: Chunk             |     2 |     2 |    10 |       ||    14
Armor: Leather armour    |    16 |    34 |   155 |    16 ||   221
Dodge: Dodged            |    52 |    61 |   312 |    34 ||   459

Table legend:
 A = Non-vault XP
 B = Vault XP
 C = Vault XP percentage of total XP
 D = Non-vault monster count
 E = Vault monster count
 F = Vault count percentage of total count
                 A         B        C        D         E       F
            +---------+---------+-------+---------+---------+-------
      Total |    2798 |    2552 |  47.7 |     114 |      56 |  32.9
            +---------+---------+-------+---------+---------+-------
        D:1 |      11 |       0 |   0.0 |       8 |       0 |   0.0
        D:2 |      59 |       5 |   7.8 |      16 |       2 |  11.1
        D:3 |     200 |       0 |   0.0 |      24 |       0 |   0.0
        D:4 |     167 |     968 |  85.3 |       9 |       4 |  30.8
        D:5 |     770 |       0 |   0.0 |      20 |       0 |   0.0
        D:6 |    1259 |     267 |  17.5 |      31 |       1 |   3.1
        D:7 |     332 |     981 |  74.7 |       6 |       1 |  14.3
      Sewer |       0 |     331 | 100.0 |       0 |      48 | 100.0
            +---------+---------+-------+---------+---------+-------
